 Dungeon Crawl Stone Soup version 0.21.1-1-g345015f (webtiles) character file.

904 tidbits the Grave Robber (level 8, 0/57 HPs)
             Began as a Gnoll Necromancer on June 29, 2018.
             Was a Follower of Cheibriados.
             Slain by a hippogriff (6 damage)
             ... on level 9 of the Dungeon.
             The game lasted 00:12:31 (1264 turns).

tidbits the Grave Robber (Gnoll Necromancer)        Turns: 1264, Time: 00:12:32

Health: 0/57       AC:  2    Str: 13    XL:     8   Next: 8%
Magic:  3/16       EV: 16    Int: 24    God:    Cheibriados [*.....]
Gold:   65         SH:  0    Dex: 18    Spells: 5/18 levels left

rFire    . . .     SeeInvis .   a - +1 short sword
rCold    . . .     Gourm    .   (no shield)
rNeg     . . .     Faith    .   e - +0 robe
rPois    .         Spirit   .   (no helmet)
rElec    .         Reflect  .   (no cloak)
rCorr    .         Harm     +   (no gloves)
MR       .....                  (no boots)
Stlth    ++++......             q - amulet of harm
HPRegen  0.19/turn              n - +5 ring of slaying
MPRegen  0.15/turn              l - ring of stealth

@: very slow
A: distributed training, fangs 1, strong nose
a: Bend Time, Renounce Religion


You were on level 9 of the Dungeon.
You worshipped Cheibriados.
Cheibriados was aware of your devotion.
You were not hungry.

You visited 2 branches of the dungeon, and saw 10 of its levels.
You also visited: Sewer.

You collected 65 gold pieces.

Inventory:

Hand Weapons
 a - a +1 short sword (weapon)
 s - a +0 morningstar
Missiles
 t - 5 javelins (quivered)
Armour
 e - a +0 robe (worn)
 f - a +2 large shield
 p - a cursed +0 ring mail
Jewellery
 d - an uncursed ring of protection from cold
   (You found it on level 1 of the Dungeon)
 l - a ring of stealth (right hand)
   (You found it on level 2 of the Dungeon)
 m - an uncursed ring of positive energy
   (You found it on level 3 of the Dungeon)
 n - a +5 ring of slaying (left hand)
   (You found it on level 3 of the Dungeon)
 q - an amulet of harm (around neck)
   (You found it on level 7 of the Dungeon)
Wands
 r - a wand of polymorph (22)
Scrolls
 h - a scroll of enchant weapon
 i - a scroll of remove curse
 k - 4 scrolls of identify
 o - 2 scrolls of random uselessness
Potions
 j - a potion of magic
Books
 b - a book of Necromancy

   Spells                             Type                      Level
   a - Pain                           Necromancy                   1
   b - Animate Skeleton               Necromancy                   1
   c - Vampiric Draining              Necromancy                   3
   d - Regeneration                   Charms/Necromancy            3
   e - Animate Dead                   Necromancy                   4
   f - Borgnjor's Vile Clutch         Necromancy/Earth             5
Comestibles
 c - 7 rations


   Skills:
 + Level 2.8 Fighting
 + Level 2.8 Short Blades
 + Level 2.8 Long Blades
 + Level 2.8 Axes
 + Level 2.8 Maces & Flails
 + Level 2.8 Polearms
 + Level 2.8 Staves
 + Level 2.8 Slings
 + Level 2.8 Bows
 + Level 2.8 Crossbows
 + Level 2.8 Throwing
 + Level 2.8 Armour
 + Level 5.4 Dodging
 + Level 5.1 Stealth
 + Level 2.8 Shields
 + Level 2.8 Unarmed Combat
 + Level 5.8 Spellcasting
 + Level 2.3 Conjurations
 + Level 2.3 Hexes
 + Level 2.3 Charms
 + Level 2.3 Summonings
 + Level 7.5 Necromancy
 + Level 2.3 Translocations
 + Level 2.3 Transmutations
 + Level 2.3 Fire Magic
 + Level 2.3 Ice Magic
 + Level 2.3 Air Magic
 + Level 2.3 Earth Magic
 + Level 2.3 Poison Magic
 + Level 3.1 Invocations
 + Level 2.8 Evocations


You had 5 spell levels left.
You knew the following spells:

 Your Spells              Type           Power        Failure   Level  Hunger
a - Pain                  Necr           ####         1%          1    None
d - Vampiric Draining     Necr           #####.....   1%          3    #......
n - Animate Skeleton      Necr           N/A          1%          1    None
r - Regeneration          Chrm/Necr      ####......   3%          3    #......
v - Borgnjor's Vile Clut  Necr/Erth      ####......   28%         5    #####..


Dungeon Overview and Level Annotations

Branches:
Dungeon (9/15)             Temple (1/1) D:5
   Lair: D:8-11         Orc: D:9-12

Altars:
Ashenzari
Cheibriados
Dithmenos
Elyvilon
Gozag
Hepliaklqana
Kikubaaqudgha
Makhleb
Nemelex Xobeh
Okawaru
Qazlal
Ru
Sif Muna
Trog
Uskayaw
Wu Jian
Xom
Yredelemnul
Zin
The Shining One


Innate Abilities, Weirdness & Mutations

Your experience applies equally to all skills.
You have very sharp teeth.
Your uncanny sense of smell can sniff out nearby items.


Message History

a giant club; an ogre corpse
Casting: Animate Skeleton
Confirm with . or Enter, or press ? or * to list all spells.
You attempt to give life to the dead...
Before your eyes, flesh is ripped from the corpse!
The dead are walking!
You see here a chunk of flesh.
An iguana comes into view.
Your skin stops crawling.
The iguana hisses angrily.
The iguana closely misses you.
Your ogre skeleton hits the iguana with a giant club.
The iguana bites you.
You hit the iguana. You bite the iguana, but do no damage.
The iguana is moderately wounded.
Your bullfrog skeleton hits the iguana.
The iguana closely misses you.
Your ogre skeleton hits the iguana with a giant club!
The iguana dies!
Cheibriados appreciates the change of pace.
Found 5 javelins.
A quokka comes into view.
You see here 5 javelins.
t - 5 javelins The helpless quokka fails to defend itself.
You impale the quokka!!
You kill the quokka!
Cheibriados appreciates the change of pace.
A phantom comes into view.
The phantom blinks!
Found an escape hatch in the floor.
The phantom hits you!
The phantom blinks!
There is an escape hatch in the floor here.
The phantom blinks!
You slide downwards.
The hatch slams shut behind you.
Your mindless thrall stays behind.
An adder, 2 hippogriffs, a black bear, a wyvern and a sky beast come into view.
The wyvern hisses angrily.
The black bear growls angrily.
The adder hisses angrily.
Found a scroll labeled HUNORE YMOWKAM.
Unknown command.
Unknown command.
As you read the scroll labeled IKAEVU PAOLLAC, it crumbles to dust.
It is a scroll of identify.
o - 2 scrolls of random uselessness A worker ant, a sky beast and a crimson imp come into view.
Okay, then.
Unknown command.
Okay, then.
Unknown command.
As you read the scroll labeled YSEOV WYHEVIU, it crumbles to dust.
You feel blessed for a moment.
It was a scroll of remove curse.
The hippogriff screeches!
The worker ant twitches its antennae in your direction.
The crimson imp shouts!
You hear a shout!
An orc comes into view. It is wielding a hand axe.
As you read the scroll labeled QOZUTZ ZUWNOCK, it crumbles to dust.
The scroll dissolves into smoke.
It was a scroll of fog.
The sky beast flickers out of sight!
The adder bites you. The black bear misses you.
The black bear closely misses you. The black bear claws you.
Unknown command.
Okay, then.
The wyvern closely misses you. The black bear misses you.
The black bear claws you. x2; The sky beast flickers out of sight!
Something hits you but does no damage.
An eye of draining comes into view.
Unknown command.
Unknown command.
Unknown command.
Unknown command.
Casting: Animate Skeleton
Confirm with . or Enter, or press ? or * to list all spells.
Aiming: Vampiric Draining
Press: ? - help, Shift-Dir - straight line, f - black bear
Aim: a black bear (purple smoke)
Okay, then.
Casting: Vampiric Draining
Confirm with . or Enter, or press ? or * to list all spells.
Aiming: Borgnjor's Vile Clutch
Press: ? - help, Dir - move target cursor Decaying hands burst forth from the earth!
Zombie hands grab the adder.
Zombie hands grab the hippogriff.
Zombie hands grab the black bear.
Zombie hands grab the wyvern.
Zombie hands grab the hippogriff.
The orc shouts!
The zombie hands constrict the hippogriff!
The zombie hands constrict the wyvern!
The zombie hands constrict the black bear.
The zombie hands constrict the hippogriff.
The zombie hands constrict the adder!
The wyvern bites you!!
* * * LOW HITPOINT WARNING * * *
The crimson imp blinks!
The adder struggles to escape constriction.
The black bear completely misses you. The black bear claws you.
* * * LOW HITPOINT WARNING * * *
The black bear barely misses you. The hippogriff barely misses you.
The hippogriff pecks you!
* * * LOW HITPOINT WARNING * * *
The hippogriff claws you.
You die...

..........o.
..........o##
............
........§..#
...?.a.....#
...........#
......ShH..#
......H§@..#
......§l{..#
...........#
...........#
...........#
.c.........#
...........#
.G.........#


You could see 2 hippogriffs, an eye of draining, a black bear, a wyvern, a
centaur, a worker ant, an adder and 2 orcs.

Vanquished Creatures
  A sky beast (D:6)
  A necrophage (D:5)
  A crocodile (Sewer)
  4 bullfrogs
  A crimson imp (D:6)
  A bullfrog zombie (D:5)
  2 orc wizards (D:8)
  Jessica (D:2)
  3 worker ants
  3 adders (D:3)
  A shadow imp (D:6)
  A worm (D:3)
  2 leopard geckos
  3 orcs
  3 giant cockroaches
  2 goblins
  4 hobgoblins
  5 jackals
  2 quokkas
  2 bats (D:1)
  A frilled lizard (D:3)
  7 kobolds
  7 rats
58 creatures vanquished.

Vanquished Creatures (collateral kills)
  An ogre (D:8)
  An iguana (D:8)
2 creatures vanquished.

Grand Total: 60 creatures vanquished

Notes
Turn   | Place    | Note
-------+----------+-------------------------------------------
     0 | D:1      | tidbits the Gnoll Necromancer began the quest for the Orb.
     0 | D:1      | Reached XP level 1. HP: 13/13 MP: 6/6
   159 | D:2      | Noticed Jessica
   165 | D:2      | Killed Jessica
   165 | D:2      | Reached skill level 5 in Spellcasting
   165 | D:2      | Reached XP level 2. HP: 20/20 MP: 0/8
   165 | D:2      | Reached XP level 3. HP: 25/25 MP: 0/9
   170 | D:2      | Learned a level 3 spell: Regeneration
   172 | D:2      | Learned a level 1 spell: Animate Skeleton
   176 | D:2      | Learned a level 3 spell: Vampiric Draining
   278 | D:3      | Found a basalt altar of Yredelemnul.
   327 | D:3      | Reached skill level 1 in Invocations
   459 | D:3      | Reached skill level 1 in Fighting
   459 | D:3      | Reached skill level 1 in Short Blades
   459 | D:3      | Reached skill level 1 in Long Blades
   459 | D:3      | Reached skill level 1 in Axes
   459 | D:3      | Reached skill level 1 in Maces & Flails
   459 | D:3      | Reached skill level 1 in Polearms
   459 | D:3      | Reached skill level 1 in Staves
   459 | D:3      | Reached skill level 1 in Slings
   459 | D:3      | Reached skill level 1 in Bows
   459 | D:3      | Reached skill level 1 in Crossbows
   459 | D:3      | Reached skill level 1 in Throwing
   459 | D:3      | Reached skill level 1 in Armour
   459 | D:3      | Reached skill level 1 in Shields
   459 | D:3      | Reached skill level 1 in Unarmed Combat
   459 | D:3      | Reached skill level 1 in Evocations
   459 | D:3      | Reached XP level 4. HP: 29/32 MP: 2/11
   483 | D:4      | Noticed an ogre
   509 | D:3      | Reached skill level 1 in Conjurations
   509 | D:3      | Reached skill level 1 in Hexes
   509 | D:3      | Reached skill level 1 in Charms
   509 | D:3      | Reached skill level 1 in Summonings
   509 | D:3      | Reached skill level 1 in Translocations
   509 | D:3      | Reached skill level 1 in Transmutations
   509 | D:3      | Reached skill level 1 in Fire Magic
   509 | D:3      | Reached skill level 1 in Ice Magic
   509 | D:3      | Reached skill level 1 in Air Magic
   509 | D:3      | Reached skill level 1 in Earth Magic
   509 | D:3      | Reached skill level 1 in Poison Magic
   520 | D:3      | Noticed a bullfrog
   528 | D:3      | Killed a bullfrog
   528 | D:3      | Reached XP level 5. HP: 28/37 MP: 9/12
   581 | D:3      | You fall through a shaft for 2 floors!
   581 | D:5      | Entered Level 5 of the Dungeon
   598 | D:5      | Found a staircase to the Ecumenical Temple.
   606 | Temple   | Entered the Ecumenical Temple
   664 | Temple   | Became a worshipper of Cheibriados the Contemplative
   760 | D:5      | Reached XP level 6. HP: 37/44 MP: 10/13
   781 | D:5      | Found a glowing drain.
   791 | D:5      | Reached skill level 2 in Invocations
   800 | Sewer    | Entered a sewer
   824 | Sewer    | Learned a level 5 spell: Borgnjor's Vile Clutch
   854 | Sewer    | Reached skill level 5 in Dodging
   923 | D:5      | Noticed a necrophage
   934 | D:5      | Killed a necrophage
   934 | D:5      | Reached skill level 2 in Fighting
   934 | D:5      | Reached skill level 2 in Short Blades
   934 | D:5      | Reached skill level 2 in Long Blades
   934 | D:5      | Reached skill level 2 in Axes
   934 | D:5      | Reached skill level 2 in Maces & Flails
   934 | D:5      | Reached skill level 2 in Polearms
   934 | D:5      | Reached skill level 2 in Staves
   934 | D:5      | Reached skill level 2 in Slings
   934 | D:5      | Reached skill level 2 in Bows
   934 | D:5      | Reached skill level 2 in Crossbows
   934 | D:5      | Reached skill level 2 in Throwing
   934 | D:5      | Reached skill level 2 in Armour
   934 | D:5      | Reached skill level 2 in Shields
   934 | D:5      | Reached skill level 2 in Unarmed Combat
   934 | D:5      | Reached skill level 2 in Evocations
   958 | D:6      | Reached * piety under Cheibriados
   959 | D:6      | Noticed a phantom
   972 | D:6      | Reached XP level 7. HP: 46/50 MP: 15/15
  1076 | D:6      | Reached skill level 2 in Conjurations
  1076 | D:6      | Reached skill level 2 in Hexes
  1076 | D:6      | Reached skill level 2 in Charms
  1076 | D:6      | Reached skill level 2 in Summonings
  1076 | D:6      | Reached skill level 2 in Translocations
  1076 | D:6      | Reached skill level 2 in Transmutations
  1076 | D:6      | Reached skill level 2 in Fire Magic
  1076 | D:6      | Reached skill level 2 in Ice Magic
  1076 | D:6      | Reached skill level 2 in Air Magic
  1076 | D:6      | Reached skill level 2 in Earth Magic
  1076 | D:6      | Reached skill level 2 in Poison Magic
  1189 | D:8      | Reached skill level 5 in Stealth
  1211 | D:8      | Reached skill level 3 in Invocations
  1219 | D:8      | Reached XP level 8. HP: 57/57 MP: 1/16
  1259 | D:9      | Noticed a hippogriff
  1259 | D:9      | Noticed a wyvern
  1259 | D:9      | Noticed a hippogriff
  1264 | D:9      | Slain by a hippogriff

Skill      XL: |  1  2  3  4  5  6  7 |
---------------+----------------------+-----
Spellcasting   | 5 |  5.8
Invocations    | 1 2 3 |  3.1
Fighting       | 1 2 |  2.8
Short Blades   | 1 2 |  2.8
Long Blades    | 1 2 |  2.8
Axes           | 1 2 |  2.8
Maces & Flails | 1 2 |  2.8
Polearms       | 1 2 |  2.8
Staves         | 1 2 |  2.8
Slings         | 1 2 |  2.8
Bows           | 1 2 |  2.8
Crossbows      | 1 2 |  2.8
Throwing       | 1 2 |  2.8
Armour         | 1 2 |  2.8
Shields        | 1 2 |  2.8
Unarmed Combat | 1 2 |  2.8
Evocations     | 1 2 |  2.8
Conjurations   | 1 2 |  2.3
Hexes          | 1 2 |  2.3
Charms         | 1 2 |  2.3
Summonings     | 1 2 |  2.3
Translocations | 1 2 |  2.3
Transmutations | 1 2 |  2.3
Fire Magic     | 1 2 |  2.3
Ice Magic      | 1 2 |  2.3
Air Magic      | 1 2 |  2.3
Earth Magic    | 1 2 |  2.3
Poison Magic   | 1 2 |  2.3
Dodging        | 5 |  5.4
Stealth        | 5 |  5.1
Necromancy     | |  7.5

Action                   |  1- 3 |  4- 6 |  7- 9 || total
-------------------------+-------+-------+-------++-------
Melee: Short sword       |    15 |    64 |    27 ||   106
       Bite              |     2 |     7 |     4 ||    13
       Punch             |       |     1 |       ||     1
 Cast: Pain              |    30 |     6 |     5 ||    41
       Regeneration      |     1 |     5 |     3 ||     9
       Vampiric Draining |     1 |     2 |     4 ||     7
       Borgnjor's Vile C |       |     2 |     2 ||     4
       Animate Skeleton  |       |       |     4 ||     4
  Use: Potion            |     1 |     2 |       ||     3
       Scroll            |       |     2 |     3 ||     5
 Stab: Sleeping          |     1 |     4 |     2 ||     7
       Distracted        |       |     1 |       ||     1
  Eat: Chunk             |       |     1 |     2 ||     3
Armor: Robe              |     2 |     5 |     5 ||    12
Dodge: Dodged            |    11 |    38 |    26 ||    75

Table legend:
 A = Turns spent in this place as a percentage of turns spent in the entire game.
 B = Non-inter-level travel turns spent in this place as a percentage of non-inter-level travel turns spent in the entire game.
 C = Inter-level travel turns spent in this place as a percentage of turns spent in this place.
 D = Turns resting spent in this place as a percentage of non-inter-level travel turns spent in this place.
 E = Turns spent auto-exploring this place as a percentage of non-inter-level travel turns spent in this place.
 F = Non-inter-level travel turns spent in this place divided by the number of levels of this place that you've seen.
                   A       B       C       D       E      F
               +-------+-------+-------+-------+-------+----------------------
         Total | 100.0 | 100.0 |   0.0 |   0.0 |   0.0 | 114.9
       Dungeon |  83.2 |  83.2 |   0.0 |   0.0 |   0.0 | 116.9
        Temple |   8.5 |   8.5 |   0.0 |   0.0 |   0.0 | 107.0
         Sewer |   8.3 |   8.3 |   0.0 |   0.0 |   0.0 | 105.0
               +-------+-------+-------+-------+-------+----------------------

Table legend:
 A = Kills in this place as a percentage of kills in entire the game.
 B = Kills by you in this place as a percentage of kills by you in the entire game.
 C = Kills by friends in this place as a percentage of kills by friends in the entire game.
 D = Other kills in this place as a percentage of other kills in the entire game.
 E = Experience gained in this place as a percentage of experience gained in the entire game.
 F = Experience gained in this place divided by the number of levels of this place that you have seen.
                   A       B       C       D       E      F
               +-------+-------+-------+-------+-------+----------------------
         Total | 100.0 | 100.0 | 100.0 |   N/A | 100.0 | 117.5
       Dungeon |  90.0 |  89.7 | 100.0 |   N/A |  91.0 | 130.7
         Sewer |  10.0 |  10.3 |   0.0 |   N/A |   9.0 | 116.0
               +-------+-------+-------+-------+-------+----------------------

Vault maps used:
D:1:      onia_arrival_mini_spirals, minmay_shallow_snake_nest
D:2:      first_ration, roderic_serpentine_path, uniq_jessica
D:3:      yredelemnul_forgotten_temple_becter, minmay_misc_feat_plants
D:4:      st_stairs_1, grunt_ministairs_11, uniq_eustachio
D:5:      minmay_temple_entry_glassed_door, portal_sewer_entry_b
D:6:      serial_aquarium, aquarium_bridge_long_separate, aquarium_window_1,
          aquarium_window_fake, aquarium_window_fake, aquarium_view_4,
          aquarium_balcony_3b, aquarium_pool_2, serial_shops, shop, uniq_grinder
D:7:      uniq_crazy_yiuf_cottage
D:8:      minmay_strange_pillars
D:9:      lemuel_ice_spiral_2
Temple:   minmay_crystal_snake_temple
Sewer:    sewer_the_crocodile
